[Event "Team 45 45 League T34"]
[Site "Internet Chess Club"]
[Date "2007.08.26"]
[Round "6"]
[White "kabindra"]
[Black "chickenhead"]
[Result "1-0"]
[WhiteElo "1757"]
[BlackElo "1882"]
[Opening "French: Tarrasch, closed variation, main line"]
[ECO "C06"]
[Time "15:30:37"]
[TimeControl "2700+45"]

1. e4 e6 2. d4 d5 3. Nd2 Nf6 4. e5 Nfd7 5. Bd3 c5 6. c3 Nc6 7. Ne2 cxd4 8. cxd4
f6 9. Nf4 Nxd4 10. Qh5+ Ke7 11. Ng6+ hxg6 12. Qxh8 Nxe5 13. Bb1 Qc7 14. O-O Ne2+
15. Kh1 Nxc1 16. Qh7 Ncd3 17. Bxd3 Nxd3 18. Qxg6 Ne5 19. Qg3 Kf7 20. Rac1 Qd8
21. f4 Nc6 22. Nf3 Bd6 23. Nh4 g5 24. Nf3 Bxf4 25. Nxg5+ fxg5 26. h3 Ke8 27.
Rxf4 gxf4 28. Qxf4 Qe7 29. Rf1 e5 30. Qh6 Qe6 31. Rf6 Qe7 32. Qg6+ Kd8 33. Qg8+
Kc7 34. Rf7 Qxf7 35. Qxf7+ Kd6 36. Qf8+ Kc7 37. Qf7+ Kb6 38. Qxd5 Bf5 39. Qb3+
Kc7 40. Qf7+ Bd7 41. h4 Re8 42. h5 e4 43. Kg1 e3 44. Kf1 e2+ 45. Ke1 Ne5 46. Qh7
Ng4 47. h6 Kd8 48. Qg7 Nxh6 49. Qxh6 Kc8 50. Qd6 Bc6 51. g4 Bg2 52. Qc5+ Kd8 53.
Qg5+ Kc8 54. Qf5+ Kd8 55. Qd3+ Kc8 56. Qc3+ Kd8 57. g5 Bf1 58. Qf6+ Kc8 59. g6
Rd8 60. Qxd8+ {Black resigns} 1-0

[Event "Team 45 45 League T34"]
[Site "Internet Chess Club"]
[Date "2007.08.26"]
[Round "6"]
[White "VanillaQueen"]
[Black "jaybird"]
[Result "1-0"]
[WhiteElo "1862"]
[BlackElo "1627"]
[Opening "Pirc: classical, h3 system"]
[ECO "B08"]
[Time "09:29:20"]
[TimeControl "2700+45"]

1. Nc3 Nf6 2. Nf3 d6 3. d4 g6 4. e4 Bg7 5. h3 c6 6. Bd3 O-O 7. O-O Qc7 8. Bf4
Qb6 9. Qd2 Nbd7 10. Rab1 e5 11. Be3 exd4 12. Bxd4 Qc7 13. Rbd1 Re8 14. Rfe1 a6
15. Bc4 Ne5 16. Nxe5 dxe5 17. Bc5 Bf8 18. Bxf8 Rxf8 19. Qg5 Qe7 20. Re3 Kg7 21.
Rg3 Ng8 22. Qe3 Be6 23. Bxe6 Qxe6 24. Qb6 Qe7 25. Rgd3 Nf6 26. f3 Rac8 27. Na4
Qc7 28. Rb3 Qxb6+ 29. Rxb6 Rc7 30. Nc5 h5 31. b3 Ra8 32. Rxb7 Rxb7 33. Nxb7 Ra7
34. Nc5 Kf8 35. Rd6 Ke7 36. Rxc6 a5 37. Nd3 Nd7 38. c4 f6 39. Nc5 Nxc5 40. Rxc5
Kd6 41. Rd5+ Ke6 42. Kf2 Ra6 43. Ke3 g5 44. Kd3 Rd6 45. Rxd6+ Kxd6 46. Kc3 Kc5
47. a3 h4 48. b4+ axb4+ 49. axb4+ Kc6 50. b5+ Kc5 51. Kb3 {Black resigns} 1-0

[Event "Team 45 45 League T34"]
[Site "Internet Chess Club"]
[Date "2007.08.26"]
[Round "6"]
[White "tammany"]
[Black "TigerLilly"]
[Result "0-1"]
[WhiteElo "1644"]
[BlackElo "1670"]
[Opening "Sicilian: Hungarian variation"]
[ECO "B27"]
[Time "19:05:41"]
[TimeControl "2700+45"]

1. e4 c5 2. Nf3 g6 3. d4 cxd4 4. Qxd4 Nf6 5. e5 Nc6 6. Qa4 Nd5 7. Qe4 Nc7 8. Bc4
Bg7 9. O-O b5 10. Bxf7+ Kxf7 11. Ng5+ Kg8 12. f4 e6 13. Nxe6 Nxe6 14. f5 gxf5
15. Rxf5 Bb7 16. Nc3 Ne7 {White resigns} 0-1

[Event "Team 45 45 League T34"]
[Site "Internet Chess Club"]
[Date "2007.08.26"]
[Round "6"]
[White "Lazerpawn"]
[Black "b-spot"]
[Result "1/2-1/2"]
[WhiteElo "1676"]
[BlackElo "1589"]
[Opening "Sicilian: Grand Prix attack"]
[ECO "B21"]
[Time "18:59:45"]
[TimeControl "2700+45"]

1. e4 c5 2. f4 d5 3. e5 Nh6 4. Nc3 a6 5. d3 e6 6. Nf3 Be7 7. Be2 Nf5 8. O-O Nc6
9. Qe1 Ncd4 10. Nxd4 Nxd4 11. Bd1 Nf5 12. Bg4 Nd4 13. Qf2 h5 14. Bd1 Nf5 15. Ne2
Bh4 16. Qxc5 Bd7 17. g3 Rc8 18. Qf2 Be7 19. c3 h4 20. g4 Nh6 21. h3 Bb5 22. Bc2
f5 23. g5 Nf7 24. a4 Bc5 25. Be3 Bxe3 26. Qxe3 Bd7 27. Kh2 Qc7 28. Ng1 Nd8 29.
Nf3 Nc6 30. d4 Na5 31. Nd2 Qb6 32. Rfb1 Nc4 33. Nxc4 Rxc4 34. Qd2 Qa5 35. Qd1
Ke7 36. Bb3 Rc7 37. Ra3 Qb6 38. Bc2 Be8 39. Qe1 Qc6 40. Qd2 Bh5 41. Qe3 Qd7 42.
Bd3 Qc6 43. Raa1 Qb6 44. Qf2 Be8 45. Ra3 Qa5 46. Bc2 Qb6 47. Qe3 Bd7 48. Qf3 Qc6
49. Qe3 Qb6 50. Qf3 Qc6 51. Bd3 Qb6 52. Qe3 Be8 53. Qd2 Qc6 54. Qc2 Qb6 {Game
drawn by mutual agreement} 1/2-1/2

[Event "Team 45 45 League T34"]
[Site "Internet Chess Club"]
[Date "2007.08.25"]
[Round "6"]
[White "WillsGambit"]
[Black "gong"]
[Result "1-0"]
[WhiteElo "1709"]
[BlackElo "1694"]
[Opening "Benkö gambit: Zaitsev system"]
[ECO "A57"]
[Time "14:01:28"]
[TimeControl "2700+45"]

1. d4 Nf6 2. c4 c5 3. d5 b5 4. cxb5 a6 5. Nc3 g6 6. e4 d6 7. f4 Bg7 8. e5 dxe5
9. fxe5 Ng4 10. e6 Ne5 11. exf7+ Nxf7 12. Nf3 O-O 13. h4 Bg4 14. h5 Bxh5 15.
Rxh5 gxh5 16. Qc2 Qd6 17. Bd2 Qg3+ 18. Kd1 axb5 19. Ne4 Qc7 20. Nfg5 c4 21. Nf6+
{Black resigns} 1-0

[Event "Team 45 45 League T34"]
[Site "Internet Chess Club"]
[Date "2007.08.26"]
[Round "6"]
[White "Nidus"]
[Black "saZmer"]
[Result "0-1"]
[WhiteElo "1789"]
[BlackElo "1757"]
[Opening "Sicilian: Smith-Morra gambit"]
[ECO "B21"]
[Time "07:19:54"]
[TimeControl "2700+45"]

1. e4 c5 2. d4 cxd4 3. c3 dxc3 4. Nxc3 Nc6 5. Nf3 d6 6. Bc4 e6 7. O-O a6 8. Qe2
Bd7 9. Rd1 Rc8 10. Bf4 e5 11. Be3 Na5 12. Bd3 Nf6 13. Nd5 Nxd5 14. exd5 b5 15.
b4 Nc4 16. Bxc4 Rxc4 17. a3 Bg4 18. h3 Bh5 19. g4 Bg6 20. Rac1 Rxc1 21. Rxc1 f5
22. Rc6 fxg4 23. Ng5 Bf5 24. hxg4 Be7 25. gxf5 Bxg5 26. Bxg5 Qxg5+ 27. Kf1 Qxf5
28. Rxd6 O-O 29. Rxa6 Qh3+ 30. Ke1 Qh1+ 31. Kd2 Qxd5+ 32. Ke1 Rc8 33. Qd2 Qe4+
34. Kf1 h6 35. Rd6 Qc4+ 36. Kg2 Rc6 37. Rd8+ Kh7 38. Qd3+ Rg6+ 39. Kf1 Qc1+ 40.
Ke2 Qc6 41. Rd5 Qe6 42. Qe4 Kg8 43. Rd8+ Kf7 44. Qb7+ Kf6 45. Rf8+ Kg5 46. Qg2+
Qg4+ 47. Qxg4+ Kxg4 48. Rb8 Ra6 49. Rxb5 Rxa3 50. Rxe5 Rb3 51. Re4+ Kf5 52. Rd4
h5 53. Kd2 Rb2+ 54. Kc3 Rxf2 55. b5 Rf3+ 56. Kc4 Ra3 57. Rd5+ Kg4 58. b6 Ra8 59.
Rb5 h4 60. Kc5 h3 61. Rb4+ Kh5 62. Rb2 g5 63. Kc6 g4 64. b7 Rb8 65. Kc7 Rxb7+
66. Rxb7 h2 67. Kc6 Kh4 68. Rb1 g3 69. Rb4+ Kh3 70. Rb1 g2 71. Rb3+ Kg4 72. Rb4+
Kf3 73. Rb3+ Ke2 74. Rb2+ Kd3 {White resigns} 0-1

[Event "Team 45 45 League T34"]
[Site "Internet Chess Club"]
[Date "2007.08.28"]
[Round "6"]
[White "FiendAngelical"]
[Black "Konstantinos"]
[Result "1/2-1/2"]
[WhiteElo "1845"]
[BlackElo "1601"]
[Opening "Ruy Lopez: old Steinitz defense"]
[ECO "C62"]
[Time "14:04:52"]
[TimeControl "2700+45"]

1. e4 e5 2. Nf3 Nc6 3. Bb5 d6 4. d4 exd4 5. Qxd4 Bd7 6. Bxc6 Bxc6 7. Nc3 h6 8.
Be3 Nf6 9. O-O-O Be7 10. e5 dxe5 11. Qxe5 Bd7 12. Bc5 b6 13. Bxe7 Qxe7 14. Qxc7
O-O 15. Rhe1 Qd8 16. Qxd8 Raxd8 17. Re7 Rfe8 18. Rde1 Rxe7 19. Rxe7 Kf8 20. Re2
Bc6 21. a4 a6 22. b4 b5 23. axb5 axb5 24. h3 Ra8 25. Kb2 Nd5 26. Nxd5 Bxd5 27.
Nd4 Bxg2 28. h4 Bf1 29. Re5 g6 30. Nc6 Rc8 31. Na5 Re8 32. Rxe8+ Kxe8 33. c4
bxc4 34. Kc3 f6 35. Nxc4 Bxc4 36. Kxc4 Kd7 37. Kd5 g5 38. hxg5 fxg5 39. b5 h5
40. Ke4 h4 41. Kf3 Kc7 42. Kg4 Kb6 43. f4 h3 44. Kxh3 gxf4 45. Kg4 Kc5 46. Kxf4
Kxb5 {Game drawn because neither player has mating material} 1/2-1/2

[Event "Team 45 45 League T34"]
[Site "Internet Chess Club"]
[Date "2007.08.23"]
[Round "6"]
[White "Steven902"]
[Black "Egmont"]
[Result "1/2-1/2"]
[WhiteElo "1754"]
[BlackElo "1686"]
[Opening "English: Anglo-Dutch defense"]
[ECO "A10"]
[Time "12:02:55"]
[TimeControl "2700+45"]

1. c4 f5 2. Nc3 Nf6 3. d3 g6 4. g3 Bg7 5. Bg2 d6 6. Nf3 e5 7. O-O O-O 8. Qc2 Na6
9. a3 Nc5 10. b4 Ne6 11. Rb1 Ng4 12. b5 f4 13. a4 Bd7 14. Ne4 fxg3 15. hxg3 Rb8
16. Bb2 Nf6 17. Nxf6+ Bxf6 18. Qd2 Ng5 19. Qa5 Nxf3+ 20. Bxf3 Bh3 21. Bg2 Bxg2
22. Kxg2 Ra8 23. Bc1 b6 24. Qb4 a5 25. Qa3 Bg5 26. Rh1 Qf6 27. f3 Rf7 28. Bxg5
Qxg5 29. Qc1 Qxc1 30. Rbxc1 Raf8 31. Rh6 Kg7 32. Rch1 Kg8 33. Kf2 Rd8 34. Ke3
Rdd7 {Game drawn by mutual agreement} 1/2-1/2

[Event "Team 45 45 League T34"]
[Site "Internet Chess Club"]
[Date "2007.08.26"]
[Round "6"]
[White "chinta"]
[Black "touchthis"]
[Result "1-0"]
[WhiteElo "1582"]
[BlackElo "1745"]
[Opening "French: Labourdonnais variation"]
[ECO "C00"]
[Time "13:29:58"]
[TimeControl "2700+45"]

1. e4 e6 2. f4 d5 3. e5 c5 4. c3 Nc6 5. Bb5 Ne7 6. Nf3 Qb6 7. a4 a6 8. Bxc6+
Qxc6 9. O-O Nf5 10. Na3 Be7 11. g4 Nh6 12. Ng5 f6 13. exf6 gxf6 14. Nh3 Bd7 15.
Nb5 axb5 16. axb5 Qc8 17. Rxa8 Qxa8 18. g5 Rg8 19. Qh5+ Nf7 20. Qxh7 Rh8 21. Qg7
Rxh3 22. g6 Nh8 23. Qg8+ Bf8 24. g7 Ng6 25. f5 exf5 26. Re1+ Kd8 27. gxf8=Q+
Nxf8 28. Qxf8+ {Black resigns} 1-0

[Event "Team 45 45 League T34"]
[Site "Internet Chess Club"]
[Date "2007.08.25"]
[Round "6"]
[White "az2112"]
[Black "NFK"]
[Result "1-0"]
[WhiteElo "1746"]
[BlackElo "1674"]
[Opening "Two knights defense"]
[ECO "C55"]
[Time "13:50:40"]
[TimeControl "2700+45"]

1. e4 e5 2. Nf3 Nc6 3. Bc4 Nf6 4. O-O Bc5 5. d3 O-O 6. c3 d5 7. exd5 Nxd5 8. Re1
Bg4 9. Nbd2 Nf4 10. Ne4 Bb6 11. h3 Bh5 12. Ng3 Bxf3 13. Qxf3 Qf6 14. Ne4 Qh4 15.
d4 Qh5 16. Qg3 Na5 17. Nf6+ {Black resigns} 1-0

[Event "Team 45 45 League T34"]
[Site "Internet Chess Club"]
[Date "2007.08.24"]
[Round "6"]
[White "BrerRabbit"]
[Black "Chess2Play"]
[Result "1/2-1/2"]
[WhiteElo "1580"]
[BlackElo "1664"]
[Opening "QGD: Orthodox defense, classical, 13.de"]
[ECO "D69"]
[Time "20:59:57"]
[TimeControl "2700+45"]

1. d4 d5 2. c4 e6 3. Nf3 Nf6 4. Bg5 Be7 5. Nc3 c6 6. e3 O-O 7. Bd3 dxc4 8. Bxc4
Nd5 9. Bxe7 Qxe7 10. O-O Nd7 11. Rc1 Nxc3 12. Rxc3 e5 13. dxe5 Nxe5 14. Nxe5
Qxe5 15. Qe2 Rd8 16. Rd1 Rxd1+ 17. Qxd1 Be6 18. Rd3 g6 19. Bxe6 Qxe6 20. b3 c5
21. g3 b6 22. Rd7 Kf8 23. Qd6+ Qxd6 24. Rxd6 Ke7 25. Rd2 Rd8 26. Rxd8 Kxd8 27.
Kf1 Ke7 28. Ke2 Ke6 29. Kd3 b5 30. a3 a6 31. e4 f5 32. f4 h5 33. e5 Kd5 34. Kc3
a5 35. Kd3 Ke6 36. Kc3 Kd5 {Game drawn by mutual agreement} 1/2-1/2

[Event "Team 45 45 League T34"]
[Site "Internet Chess Club"]
[Date "2007.08.23"]
[Round "6"]
[White "DTK"]
[Black "Allessia"]
[Result "1-0"]
[WhiteElo "2210"]
[BlackElo "2207"]
[Opening "Sicilian: Nimzovich-Rossolimo attack (with ...g6, without ...d6)"]
[ECO "B31"]
[Time "11:30:54"]
[TimeControl "2700+45"]

1. e4 c5 2. Nf3 Nc6 3. Bb5 g6 4. c3 Bg7 5. d4 cxd4 6. cxd4 Qb6 7. Nc3 Nxd4 8.
Nd5 Nxf3+ 9. Qxf3 Qd8 10. Bf4 e5 11. Qc3 Kf8 12. Bxe5 Bxe5 13. Qxe5 f6 14. Qd6+
Kg7 15. O-O Nh6 16. e5 f5 17. Nc7 Rb8 18. Ne6+ dxe6 19. Qxb8 Qb6 20. Rac1 Bd7
21. Qc7 Qxb5 22. Rfd1 Nf7 23. Rxd7 Rf8 24. b3 Qe2 25. a4 Qb2 26. Qc3 Qxc3 27.
Rxc3 Kh6 28. f4 {Black resigns} 1-0

[Event "Team 45 45 League T34"]
[Site "Internet Chess Club"]
[Date "2007.08.24"]
[Round "6"]
[White "Ozgur-Bjk"]
[Black "BoondockSaints"]
[Result "0-1"]
[WhiteElo "2165"]
[BlackElo "2160"]
[Opening "QGD: Ragozin variation"]
[ECO "D38"]
[Time "09:59:34"]
[TimeControl "2700+45"]

1. d4 Nf6 2. c4 e6 3. Nf3 d5 4. Nc3 Bb4 5. cxd5 Nxd5 6. Bd2 O-O 7. Nxd5 Bxd2+ 8.
Qxd2 exd5 9. e3 Bf5 10. Bd3 Be4 11. Qc2 Re8 12. Bxe4 dxe4 13. Ne5 Nd7 14. Nxd7
Qxd7 15. O-O c6 16. Rfd1 Qd5 17. a3 a5 18. Rac1 Rad8 19. Qd2 f6 20. Qe2 Qf7 21.
Rc5 Rd5 22. Rdc1 Red8 23. Qd2 Qc7 24. Qc2 Rxc5 25. Qxc5 g6 26. g3 Kg7 27. Rc4 f5
28. d5 Rd6 29. Qd4+ Kh6 30. Qe5 Qd8 31. dxc6 Rd1+ 32. Kg2 Qd3 {White resigns}
0-1

[Event "Team 45 45 League T34"]
[Site "Internet Chess Club"]
[Date "2007.08.28"]
[Round "6"]
[White "WesleyCrusher"]
[Black "zoneblitz"]
[Result "1/2-1/2"]
[WhiteElo "2127"]
[BlackElo "2070"]
[Opening "Ruy Lopez: closed, anti-Marshall 8.a4"]
[ECO "C88"]
[Time "08:56:19"]
[TimeControl "2700+45"]

1. e4 e5 2. Nf3 Nc6 3. Bb5 a6 4. Ba4 Nf6 5. O-O Be7 6. Re1 b5 7. Bb3 O-O 8. a4
Bb7 9. d3 b4 10. Nbd2 a5 11. Nc4 d6 12. c3 bxc3 13. bxc3 Rb8 14. Bg5 Ng4 15. Bd2
Qd7 16. h3 Nf6 17. Ne3 Ba6 18. Bc4 Bxc4 19. Nxc4 Rfd8 20. d4 exd4 21. cxd4 d5
22. exd5 Nb4 23. Nxa5 Nfxd5 24. Ne5 Qe8 25. Rc1 Ra8 26. Nac6 Nxc6 27. Nxc6 Rd7
28. Rc5 Rd6 29. Nxe7+ Nxe7 30. Rxc7 Rd7 31. Qc2 Qd8 32. Rxd7 Qxd7 33. Qc5 Nf5
34. Re5 Nxd4 35. Qd5 Qxa4 36. Ba5 Nc6 37. Re4 Qxa5 38. Qxc6 Qd8 39. Qc4 {Game
drawn by mutual agreement} 1/2-1/2

[Event "Team 45 45 League T34"]
[Site "Internet Chess Club"]
[Date "2007.08.24"]
[Round "6"]
[White "LeSacAttack"]
[Black "tini3blas"]
[Result "1-0"]
[WhiteElo "2212"]
[BlackElo "2130"]
[Opening "Four knights: Belgrade gambit"]
[ECO "C47"]
[Time "08:02:19"]
[TimeControl "2700+45"]

1. e4 e5 2. Nf3 Nc6 3. Nc3 Nf6 4. d4 exd4 5. Nd5 Be7 6. Bc4 Nxe4 7. Qe2 Nc5 8.
Bg5 Ne6 9. Nxe7 Nxe7 10. Bxe6 dxe6 11. O-O-O c6 12. Rxd4 Qa5 13. Bxe7 Kxe7 14.
a3 f6 15. Rhd1 e5 16. Nxe5 fxe5 17. Re4 Kf6 18. Rd6+ Be6 19. f4 Qc7 20. Qh5 Rae8
21. Qxe5+ Kf7 22. Rxe6 Qxe5 23. R6xe5 Rxe5 24. Rxe5 Rd8 25. c3 Rd7 26. Kc2 b6
27. a4 c5 28. a5 g6 29. g4 Kf6 30. h4 {Black resigns} 1-0

[Event "Team 45 45 League T34"]
[Site "Internet Chess Club"]
[Date "2007.08.25"]
[Round "6"]
[White "Capamuerte"]
[Black "izit"]
[Result "1/2-1/2"]
[WhiteElo "2110"]
[BlackElo "2096"]
[Opening "Saragossa opening"]
[ECO "A00"]
[Time "12:20:05"]
[TimeControl "2700+45"]

1. c3 g6 2. d4 Bg7 3. Nf3 Nf6 4. Nbd2 d6 5. e3 O-O 6. Be2 Re8 7. h3 e5 8. dxe5
dxe5 9. e4 Nbd7 10. b4 a5 11. O-O Qe7 12. a3 Nf8 13. Bb2 Nh5 14. Nc4 Nf4 15. Qc2
N8e6 16. Ne3 c6 17. Bc4 Ng5 18. Nxg5 Qxg5 19. Kh2 Qh4 20. Rad1 Bh6 21. Bc1 b5
22. Ba2 Nxh3 23. gxh3 Bf4+ 24. Kg1 Bxh3 25. Rfe1 Qg5+ 26. Kh1 Bc8 27. f3 Qh5+
28. Kg1 Qxf3 29. Qg2 Qh5 30. Bb3 Bh3 31. Qa2 Red8 32. Qe2 Qg5+ 33. Kh1 Qh4 34.
Ng2 Bxg2+ 35. Kxg2 Qh2+ 36. Kf1 Qh1+ 37. Kf2 Qh2+ 38. Kf1 Qh1+ 39. Kf2 Qh2+ 40.
Kf1 Qh1+ 41. Kf2 Qh2+ 42. Kf1 Qh1+ 43. Kf2 Qh2+ 44. Kf1 Qh1+ 45. Kf2 Qh2+ 46.
Kf1 Qh1+ 47. Kf2 Qh2+ 48. Kf1 {Game drawn by repetition} 1/2-1/2

[Event "Team 45 45 League T34"]
[Site "Internet Chess Club"]
[Date "2007.08.24"]
[Round "6"]
[White "SaltofLife"]
[Black "RedAttack"]
[Result "0-1"]
[WhiteElo "2019"]
[BlackElo "1951"]
[Opening "Sicilian defense"]
[ECO "B30"]
[Time "13:31:15"]
[TimeControl "2700+45"]

1. e4 c5 2. Nf3 Nc6 3. c3 e6 4. d4 cxd4 5. cxd4 d5 6. e5 a6 7. Nc3 Bb4 8. Bd3
Nge7 9. Be3 Nf5 10. O-O O-O 11. Ng5 h6 12. Bxf5 exf5 13. Nh3 Be6 14. Qh5 Be7 15.
Rfd1 Kh7 16. f4 f6 17. Qf3 Rc8 18. Nf2 fxe5 19. fxe5 f4 20. Bc1 Qd7 21. h3 Nb4
22. Rd2 Bf5 23. a3 Nc2 24. Ra2 Bg5 25. Nd3 Nxd4 26. Qd1 f3 27. Rf2 Bh4 28. Rxf3
Nxf3+ 29. Qxf3 Be4 30. Qd1 Qf5 31. Nxe4 dxe4 32. Nf4 Rxc1 {White resigns} 0-1

[Event "Team 45 45 League T34"]
[Site "Internet Chess Club"]
[Date "2007.08.27"]
[Round "6"]
[White "nardz"]
[Black "JustinSane"]
[Result "1/2-1/2"]
[WhiteElo "2068"]
[BlackElo "2078"]
[Opening "Benoni: Taimanov variation"]
[ECO "A67"]
[Time "19:00:05"]
[TimeControl "2700+45"]

1. d4 Nf6 2. c4 c5 3. d5 e6 4. Nc3 exd5 5. cxd5 d6 6. e4 g6 7. f4 Bg7 8. Bb5+
Nfd7 9. a4 a6 10. Bd3 Qh4+ 11. g3 Qd8 12. Nf3 O-O 13. O-O Nf6 14. Kg2 Bg4 15. h3
Bxf3+ 16. Qxf3 Nbd7 17. Bd2 Ne8 18. Ra2 Nc7 19. b3 Rb8 20. Nd1 {Game drawn by
mutual agreement} 1/2-1/2

[Event "Team 45 45 League T34"]
[Site "Internet Chess Club"]
[Date "2007.08.27"]
[Round "6"]
[White "Gil-galad"]
[Black "mitus"]
[Result "1-0"]
[WhiteElo "2060"]
[BlackElo "1864"]
[Opening "Bogo-Indian defense, Nimzovich variation"]
[ECO "E11"]
[Time "14:01:13"]
[TimeControl "2700+45"]

1. d4 Nf6 2. c4 e6 3. Nf3 Bb4+ 4. Bd2 Qe7 5. g3 Nc6 6. Bg2 Ne4 7. a3 Bxd2+ 8.
Nbxd2 Nxd2 9. Qxd2 d5 10. O-O O-O 11. Rac1 a5 12. e3 Rd8 13. Qc3 f6 14. Rfd1 Bd7
15. cxd5 exd5 16. Qb3 Qd6 17. Rc5 Ne7 18. Qxb7 c6 19. Qb3 Rdb8 20. Qc3 a4 21.
Nd2 Rb5 22. Rxb5 cxb5 23. Qc5 Qe6 24. Bf1 Rc8 25. Qb4 Nc6 26. Qxb5 Nxd4 27. Qd3
Nc6 28. Bg2 Ne7 29. b4 Qc6 30. e4 Qc3 31. Qxc3 Rxc3 32. Nb1 Rb3 33. exd5 Bf5 34.
d6 Kf7 35. dxe7 Rxb1 36. Rxb1 Bxb1 37. Bc6 Kxe7 38. Bxa4 Kd6 39. f4 Be4 40. Kf2
Kd5 41. Ke3 Bg2 42. Bb3+ Kc6 43. a4 Kb6 44. Kd4 Bf3 45. Bc4 h6 46. a5+ Ka7 47.
Kc5 g5 48. b5 h5 49. b6+ Kb8 50. a6 h4 51. a7+ Kc8 52. Bd5 {Black resigns} 1-0

[Event "Team 45 45 League T34"]
[Site "Internet Chess Club"]
[Date "2007.08.23"]
[Round "6"]
[White "siddhu"]
[Black "DeLaSalle"]
[Result "1-0"]
[WhiteElo "1835"]
[BlackElo "2128"]
[Opening "KP: Nimzovich defense"]
[ECO "B00"]
[Time "15:05:16"]
[TimeControl "2700+45"]

1. e4 Nc6 2. Nf3 d6 3. d4 Nf6 4. Nc3 Bg4 5. Be2 e5 6. dxe5 dxe5 7. Qxd8+ Rxd8 8.
Bb5 Bb4 9. Bxc6+ bxc6 10. Bd2 Bxc3 11. Bxc3 Nxe4 12. Nxe5 Nxc3 13. Nxg4 Na4 14.
Rb1 O-O 15. O-O f6 16. Ne3 Rb8 17. Nd1 Rfd8 18. b3 Rd2 19. Ne3 Nc3 20. Ra1 Re8
21. Rfe1 g6 22. Kf1 f5 23. Rac1 f4 24. Nd1 Ne2 25. Nc3 Nxc1 26. Rxe8+ Kf7 27.
Rc8 Rxc2 28. Rxc7+ Ke6 29. Rxc6+ Kd7 30. Rc4 g5 31. Ne4 Rxc4 32. bxc4 Nxa2 33.
Ke2 Nc1+ 34. Kd2 Nb3+ 35. Kc3 Nc1 36. Nxg5 h6 37. Nf3 Kd6 38. Nd4 h5 39. Nb5+
Kc5 40. Nxa7 Ne2+ 41. Kd2 Nd4 42. Nb5 Kxc4 43. Nxd4 Kxd4 44. g3 Ke4 45. Ke2 fxg3
46. hxg3 Kf5 47. Ke3 Ke5 48. f4+ Kf6 49. Ke4 Ke6 50. f5+ Kf7 51. Ke5 Ke7 52. f6+
Kf7 53. Kf5 Kf8 54. Kg6 h4 55. gxh4 Kg8 56. h5 Kh8 57. h6 Kg8 58. f7+ Kf8 59. h7
{Black resigns} 1-0

[Event "Team 45 45 League T34"]
[Site "Internet Chess Club"]
[Date "2007.09.02"]
[Round "6"]
[White "BigNEazy"]
[Black "pchak87"]
[Result "1-0"]
[WhiteElo "2274"]
[BlackElo "2235"]
[Opening "English: symmetrical, Benoni formation"]
[ECO "A31"]
[Time "13:02:57"]
[TimeControl "2700+45"]

1. d4 Nf6 2. Nf3 c5 3. c4 cxd4 4. Nxd4 e5 5. Nb5 d5 6. cxd5 Bc5 7. N5c3 O-O 8.
h3 Bf5 9. g4 Ne4 10. e3 Bg6 11. Bg2 Nxc3 12. Nxc3 Qe7 13. e4 a6 14. Qe2 b5 15.
O-O Nd7 16. Be3 Nb6 17. Rac1 Rac8 18. Rfd1 Nc4 19. Bxc5 Qxc5 20. a4 Qb4 21. axb5
axb5 22. d6 Qxb2 23. Qxb2 Nxb2 24. Nd5 Rxc1 25. Rxc1 Nc4 26. Ne7+ Kh8 27. d7 Rd8
28. Rd1 Nb6 29. Rd6 Nc4 30. Nc6 Nxd6 31. Nxd8 b4 32. Nc6 Nb7 33. f3 b3 34. Bf1
b2 35. Bd3 f6 36. d8=Q+ Nxd8 37. Nxd8 Be8 38. Nb7 g6 39. Nd6 {Black resigns} 1-0

[Event "Team 45 45 League T34"]
[Site "Internet Chess Club"]
[Date "2007.08.27"]
[Round "6"]
[White "kingcapture"]
[Black "jorobo"]
[Result "1/2-1/2"]
[WhiteElo "2197"]
[BlackElo "2084"]
[Opening "Two knights defense"]
[ECO "C56"]
[Time "10:01:23"]
[TimeControl "2700+45"]

1. e4 e5 2. Nf3 Nc6 3. Bc4 Nf6 4. d4 exd4 5. O-O Nxe4 6. Re1 d5 7. Bxd5 Qxd5 8.
Nc3 Qh5 9. Nxe4 Be6 10. Bg5 Bd6 11. Nxd6+ cxd6 12. Bf4 Qd5 13. c3 Rc8 14. Qa4
dxc3 15. Rad1 Qa5 16. Qe4 O-O 17. Bxd6 Rfd8 18. bxc3 h6 19. c4 Qxa2 20. c5 Qc4
21. Nd4 Qd5 22. Nxe6 Qxe6 23. Qxe6 fxe6 24. Rxe6 Kf7 25. Rde1 Re8 26. Rxe8 Rxe8
27. Kf1 Rxe1+ 28. Kxe1 Ke6 29. Kd2 g6 30. Ke3 Kd5 31. f4 Nd4 32. g4 Ne6 33. h4
Nxc5 34. Bxc5 Kxc5 35. f5 g5 36. hxg5 hxg5 37. Kd3 b5 38. Kc3 a5 39. Kb3 Kd5 40.
Ka3 Kc5 41. Kb3 b4 42. Kb2 a4 43. Ka2 b3+ 44. Kb2 Kd6 45. Ka3 Kd5 46. Kb2 Kc5
47. Ka3 Kc4 48. f6 Kc3 49. f7 b2 50. f8=Q b1=Q 51. Qg7+ Kc4 52. Qc7+ Kd5 53.
Qd7+ Ke5 54. Qc7+ Kf6 55. Qd6+ Kg7 56. Qe7+ Kh6 57. Qf8+ Kg6 58. Qd6+ Kf7 59.
Qd7+ Kf6 60. Qd6+ Kf7 61. Qd5+ Kf6 62. Qd6+ Kf7 63. Qd5+ Kf6 64. Qd6+ Kf7 {Game
drawn by repetition} 1/2-1/2

[Event "Team 45 45 League T34"]
[Site "Internet Chess Club"]
[Date "2007.08.26"]
[Round "6"]
[White "KingDestroyer"]
[Black "onslaught"]
[Result "1-0"]
[WhiteElo "2216"]
[BlackElo "2197"]
[Opening "Sicilian: Najdorf, Opocensky variation"]
[ECO "B92"]
[Time "19:52:18"]
[TimeControl "2700+45"]

1. e4 c5 2. Nf3 d6 3. d4 cxd4 4. Nxd4 Nf6 5. Nc3 a6 6. Be2 e5 7. Nb3 Be7 8. Bg5
Be6 9. Bxf6 Bxf6 10. Nd5 Bg5 11. h4 Be7 12. Qd2 Nd7 13. O-O-O Bxd5 14. Qxd5 Qb6
15. Kb1 Rc8 16. h5 h6 17. Rhf1 Nf6 18. Qd2 Nxe4 19. Qe1 Nf6 20. f4 O-O 21. Bd3
exf4 22. Qxe7 Rfe8 23. Bh7+ Nxh7 24. Qh4 Qc6 25. Nd4 Qd5 26. Qxf4 Nf6 27. Nf5
Qxg2 28. Nxh6+ Kh7 29. Rf2 Qe4 30. Nxf7 Qxf4 31. Rxf4 Re2 32. c3 Nxh5 33. Rb4 b5
34. Rh1 g6 35. Nxd6 Rf8 36. Ne4 Kg7 37. Nc5 Rf6 38. Rd1 Kh6 39. a3 Rc6 40. Nb3
Rf6 41. Rd8 Rf1+ 42. Ka2 Rff2 43. Nd4 Rd2 44. Rd6 Nf4 45. Rxa6 Nd3 46. Rxb5 Nc1+
47. Kb1 Rd1 48. Nf5+ {Black resigns} 1-0

[Event "Team 45 45 League T34"]
[Site "Internet Chess Club"]
[Date "2007.09.02"]
[Round "6"]
[White "HocusPocus"]
[Black "OOOoooOOO"]
[Result "1-0"]
[WhiteElo "2061"]
[BlackElo "2092"]
[Opening "Grünfeld defense"]
[ECO "D80"]
[Time "11:16:08"]
[TimeControl "2700+45"]

1. d4 Nf6 2. c4 g6 3. Nc3 d5 4. e3 Bg7 5. cxd5 Nxd5 6. Bc4 Nb6 7. Bb3 O-O 8. Qf3
N8d7 9. Nge2 c5 10. O-O cxd4 11. exd4 Nf6 12. h3 Nh5 13. Be3 Rb8 14. Nf4 Nxf4
15. Bxf4 Ra8 16. Rad1 e6 17. d5 exd5 18. Nxd5 Nxd5 19. Bxd5 Qf6 20. Qg3 Qxb2 21.
Rd2 Qc3 22. Rd3 Qa5 23. Rfd1 Bf5 24. Ra3 Qb5 25. Rb3 Qe2 26. Bf3 Qxa2 27. Rxb7
Rad8 28. Bd6 Qa6 29. Rc7 Rfe8 30. Be7 Rxd1+ 31. Bxd1 Qa1 32. Qb3 Qe5 33. Bd6
Qe1+ 34. Kh2 Be5+ 35. f4 Be6 36. Qa4 Bxd6 37. Qxe8+ Kg7 38. Rxf7+ Kh6 39. Bc2
{Black resigns} 1-0